[Event "ICC tourney 2040 (30 10)"]
[Site "Internet Chess Club"]
[Date "2020.10.04"]
[Round "4"]
[White "Chesssaga"]
[Black "Joshua1"]
[Result "1/2-1/2"]
[ICCResult "Game drawn by mutual agreement"]
[WhiteElo "1966"]
[BlackElo "1847"]
[Opening "Sicilian defense"]
[ECO "B40"]
[NIC "SI.43"]
[Time "17:01:41"]
[TimeControl "1800+10"]

1. e4 c5 2. Nf3 e6 3. g3 d5 4. exd5 exd5 5. d4 Nc6 6. Bg2 Nf6 7. O-O cxd4 8.
Nxd4 Be7 9. c3 O-O 10. Bf4 Bg4 11. f3 Bh5 12. Qd2 Bg6 13. Be3 Re8 14. Re1
Bc5 15. b4 Nxd4 16. cxd4 Bb6 17. Nc3 Rc8 18. Bf1 a6 19. Rac1 Qd7 20. a3 Ba7
21. Bf2 Rxe1 22. Rxe1 h6 23. Rc1 Kf8 24. Ne2 Bf5 25. Nf4 Rc7 26. Nd3 Bxd3
27. Bxd3 Rxc1+ 28. Qxc1 Bb6 29. Qc2 Qc7 30. Be3 Qxc2 31. Bxc2 Ke7 32. Kf2 h5
33. Ke2 Ne8 34. Bb3 Ke6 35. Kd3 Nd6 36. a4 Ba7 37. Kc3 b5 38. axb5 axb5 39.
Bc2 Nc4 40. Bc1 g6 41. Bd3 Bb6 42. Bf4 Bd8 43. Bc1 Bc7 44. f4
{Game drawn by mutual agreement}
1/2-1/2

[Event "ICC tourney 2040 (30 10)"]
[Site "Internet Chess Club"]
[Date "2020.10.04"]
[Round "4"]
[White "Openyagami"]
[Black "TjkTiger"]
[Result "1-0"]
[ICCResult "Black resigns"]
[WhiteElo "2591"]
[BlackElo "2583"]
[Opening "Czech Benoni defense"]
[ECO "A56"]
[NIC "OI.05"]
[Time "17:01:55"]
[TimeControl "1800+10"]

1. d4 Nf6 2. c4 c5 3. d5 e5 4. Nc3 d6 5. e4 Nbd7 6. Nf3 a6 7. a4 Be7 8. g3
O-O 9. Bg2 Ne8 10. O-O g6 11. Bh6 Ng7 12. Qd2 Kh8 13. Ne1 f5 14. Nd3 Nf6 15.
f4 exf4 16. Nxf4 Ng4 17. exf5 Bf6 18. Bxg7+ Bxg7 19. fxg6 Ne3 20. gxh7 Bf5
21. Be4 Bd4 22. Kh1 Qf6 23. Qd3 Qh6 24. Rf3 Ng4 25. Qc2 Bxe4 26. Nxe4 Qxh7
27. Raa3 Ne5 28. Rf1 Nxc4 29. Qxc4 Qxe4+ 30. Raf3 Kg8 31. Kg2 b5 32. Qc1
Rae8 33. Ne6 Rxe6 34. dxe6 Rxf3 35. Qg5+ Bg7 36. Rxf3 Qe2+ 37. Rf2 Qe4+ 38.
Kg1 Qe1+ 39. Rf1 Qxe6 40. axb5 axb5 41. h4 Kh8 42. Qh5+ Kg8 43. Qg5 Kh8 44.
Kg2 Qe4+ 45. Kh3 Qe6+ 46. Rf5 Bxb2 47. Qh5+ Kg8 48. Qg4+ Bg7 49. Rf8+ Kxf8
50. Qxe6 Be5 51. Qc8+ Ke7 52. Qb7+ Ke6 53. Qxb5 Kd5 54. g4 Kd4 55. g5 c4 56.
h5 c3 57. Qe2 Bf4 58. Kg4 {Black resigns} 1-0

[Event "ICC tourney 2040 (30 10)"]
[Site "Internet Chess Club"]
[Date "2020.10.04"]
[Round "5"]
[White "BBCC2020"]
[Black "saathvikdasari"]
[Result "1-0"]
[ICCResult "Black resigns"]
[WhiteElo "2173"]
[BlackElo "1302"]
[Opening "Queen's gambit declined"]
[ECO "D30"]
[NIC "QO.17"]
[Time "19:01:24"]
[TimeControl "1800+10"]

1. d4 e6 2. c4 d5 3. Nf3 Nf6 4. g3 Bd6 5. Bg2 O-O 6. O-O c6 7. Nc3 Re8 8.
Nd2 Nbd7 9. e4 dxe4 10. Ndxe4 e5 11. Nxd6 Re6 12. Nxc8 Qxc8 13. d5 cxd5 14.
cxd5 Re8 15. Be3 Nb6 16. Rc1 Qd7 17. Bxb6 axb6 18. Qb3 Ra6 19. Rfd1 Rea8 20.
a3 h6 21. Nb5 Ra5 22. Nc7 Rc8 23. Qxb6 Ra4 24. d6 Ne8 25. Bxb7 Rb8 26. Qc6
Qxc6 27. Bxc6 {Black resigns} 1-0

[Event "ICC tourney 2040 (30 10)"]
[Site "Internet Chess Club"]
[Date "2020.10.04"]
[Round "5"]
[White "ivo20"]
[Black "chesslin"]
[Result "1-0"]
[ICCResult "Black resigns"]
[WhiteElo "1363"]
[BlackElo "1846"]
[Opening "Modern defense"]
[ECO "A40"]
[NIC "QO.17"]
[Time "19:01:29"]
[TimeControl "1800+10"]

1. d4 g6 2. Nf3 Bg7 3. Nc3 d6 4. e3 Nd7 5. h3 e5 6. Bc4 Ngf6 7. Ng5 O-O 8.
O-O c6 9. f4 exd4 10. exd4 d5 11. Bd3 Re8 12. Nf3 Ne4 13. Bxe4 dxe4 14. Ne5
f6 15. Nxd7 Bxd7 16. Be3 f5 17. Ne2 Be6 18. c3 Bc4 19. Rf2 Qa5 20. b4 Qa6
21. a4 Bxe2 22. Rxe2 Qc4 23. Bd2 Rad8 24. Rb1 Bxd4+ 25. cxd4 Qxd4+ 26. Kh1
e3 27. Qb3+ Qd5 28. Qxd5+ Rxd5 29. Bxe3 Rd3 30. Rbe1 b6 31. Kg1 Re4 32. Kf2
Rxb4 33. a5 bxa5 34. Bxa7 Rxf4+ 35. Kg1 Re4 36. Rxe4 fxe4 37. Rxe4
{Black resigns}
1-0

[Event "ICC tourney 2040 (30 10)"]
[Site "Internet Chess Club"]
[Date "2020.10.04"]
[Round "5"]
[White "PawnEatingZombi"]
[Black "KnightHopper"]
[Result "1-0"]
[ICCResult "Black checkmated"]
[WhiteElo "2234"]
[BlackElo "2037"]
[Opening "QGD semi-Slav: Stoltz variation"]
[ECO "D45"]
[NIC "SL.08"]
[Time "19:01:52"]
[TimeControl "1800+10"]

1. d4 d5 2. c4 c6 3. Nc3 Nf6 4. e3 e6 5. Nf3 Nbd7 6. Qc2 dxc4 7. Bxc4 Bd6 8.
O-O b5 9. Be2 Bb7 10. e4 e5 11. dxe5 Nxe5 12. Nh4 Nfg4 13. Nf5 Bc5 14. Nxb5
Bxf2+ 15. Rxf2 Qb6 16. Nbd6+ Kd7 17. Bxg4 Nxg4 18. Nxb7 Qxf2+ 19. Qxf2 Nxf2
20. Nc5+ Kc7 21. Kxf2 g6 22. Bf4+ Kb6 23. Nd7+ Kb5 24. Nd6+ Kb4 25. Bd2+ Ka4
26. Nc5# {Black checkmated} 1-0

[Event "ICC tourney 2040 (30 10)"]
[Site "Internet Chess Club"]
[Date "2020.10.04"]
[Round "5"]
[White "e4f5"]
[Black "Leolix"]
[Result "1-0"]
[ICCResult "Black checkmated"]
[WhiteElo "2219"]
[BlackElo "1942"]
[Opening "Sicilian: Taimanov (Bastrikov) variation"]
[ECO "B47"]
[NIC "SI.40"]
[Time "19:01:26"]
[TimeControl "1800+10"]

1. e4 c5 2. Nf3 e6 3. d4 cxd4 4. Nxd4 Nc6 5. Nc3 Qc7 6. Be2 a6 7. O-O Nf6 8.
Be3 Be7 9. f4 d6 10. a4 O-O 11. Kh1 Bd7 12. Nb3 Rfd8 13. a5 Rdc8 14. g4 Nb4
15. Bb6 Qc6 16. Nd4 Nxe4 17. Nxc6 Bxc6 18. Nxe4 Bxe4+ 19. Bf3 Bxc2 20. Qd2
d5 21. Rfc1 Rc6 22. Bd4 Rac8 23. Bc3 Rc4 24. Rxc2 Nxc2 25. Qxc2 d4 26. Bxb7
R8c7 27. Bxa6 R4c5 28. Bd3 dxc3 29. b4 Rd5 30. a6 Ra7 31. Be4 Rb5 32. Qxc3
Rxb4 33. Bb7 Bf8 34. Rd1 Rbxb7 35. axb7 Rxb7 36. Qc8 Rb2 37. Rd8 Rb1+ 38.
Kg2 Rb2+ 39. Kf3 Rb3+ 40. Ke2 h6 41. Rxf8+ Kh7 42. Qc2+ g6 43. Rxf7+ Kg8 44.
Qxg6+ Kh8 45. Qg7# {Black checkmated} 1-0

[Event "ICC tourney 2040 (30 10)"]
[Site "Internet Chess Club"]
[Date "2020.10.04"]
[Round "5"]
[White "prkukuku"]
[Black "VincentT2008"]
[Result "1-0"]
[ICCResult "Black resigns"]
[WhiteElo "1301"]
[BlackElo "1782"]
[Opening "two knights defense"]
[ECO "C58"]
[NIC "KP.01"]
[Time "19:01:52"]
[TimeControl "1800+10"]

1. e4 e5 2. Nf3 Nc6 3. Bc4 Nf6 4. Ng5 d5 5. exd5 Na5 6. Bb3 Nxb3 7. axb3
Nxd5 8. d4 Be7 9. Ne4 f5 10. Nec3 Nxc3 11. bxc3 e4 12. Qh5+ g6 13. Qh6 Bf8
14. Qe3 Bg7 15. Qg3 O-O 16. h4 h6 17. Bf4 c6 18. Qxg6 Rf6 19. Qg3 Qe8 20. h5
Re6 21. Nd2 Kh7 22. Nc4 b5 23. Nb6 Bb7 24. Nxa8 Qxa8 25. Qh3 Rf6 26. Be5 Rf7
27. Qg3 Kg8 28. Qg6 a6 29. f4 exf3 30. gxf3 c5 31. O-O-O Bxf3 32. Bxg7 Rxg7
33. Qe6+ Kh8 34. Qxh6+ Kg8 35. Qe6+ Kh8 36. h6 Rc7 37. Qe5+ Kg8 38. Qxc7 Qf8
39. Rhg1+ Kh8 40. Qe5+ Kh7 41. Rg7+ Kh8 42. Rf7+ Kg8 43. Rxf8+ {Black
resigns} 1-0

[Event "ICC tourney 2040 (30 10)"]
[Site "Internet Chess Club"]
[Date "2020.10.04"]
[Round "5"]
[White "TjkTiger"]
[Black "IAlwaysWin"]
[Result "1-0"]
[ICCResult "Black resigns"]
[WhiteElo "2602"]
[BlackElo "2125"]
[Opening "QGD: Charousek (Petrosian) variation"]
[ECO "D31"]
[NIC "EO.64"]
[Time "19:02:18"]
[TimeControl "1800+10"]

1. c4 e6 2. Nc3 d5 3. d4 Be7 4. cxd5 exd5 5. Bf4 Nf6 6. e3 c6 7. Bd3 O-O 8.
h3 Be6 9. Nf3 h6 10. O-O Bd6 11. Bxd6 Qxd6 12. Ne5 a5 13. f4 Na6 14. g4 Ne8
15. Qf3 f6 16. Ng6 Rf7 17. Rad1 Rd8 18. Kh1 Nec7 19. a3 Nb8 20. f5 Bc8 21.
e4 Nd7 22. Rfe1 Re8 23. exd5 Rxe1+ 24. Rxe1 cxd5 25. Nb5 Nxb5 26. Bxb5 Nf8
27. Re8 Bd7 28. Bxd7 Qe7 {Black resigns} 1-0

[Event "ICC tourney 2040 (30 10)"]
[Site "Internet Chess Club"]
[Date "2020.10.04"]
[Round "5"]
[White "GutsyEdge"]
[Black "challenger2010"]
[Result "0-1"]
[ICCResult "White resigns"]
[WhiteElo "1958"]
[BlackElo "2150"]
[Opening "Queen's Indian: old main line, 6.O-O"]
[ECO "E17"]
[NIC "QI.07"]
[Time "19:01:25"]
[TimeControl "1800+10"]

1. d4 Nf6 2. c4 e6 3. Nf3 b6 4. g3 Bb7 5. Bg2 Be7 6. O-O O-O 7. Re1 d6 8.
Nc3 Ne4 9. Qc2 Nxc3 10. Ng5 Nxe2+ 11. Rxe2 Bxg5 12. Bxg5 Qxg5 13. Bxb7 Nd7
14. Bxa8 Rxa8 15. Qd2 Qg6 16. a4 a5 17. Ra3 e5 18. Qd3 Qh5 19. d5 f5 20. Qf3
Qg6 21. Qg2 Rf8 22. f4 h5 23. fxe5 Nxe5 24. Rc3 h4 25. gxh4 Qh7 26. h5 Rf6
27. Qg5 f4 28. h3 f3 29. Rf2 Qb1+ 30. Kh2 Rf5 31. Qg3 Qe4 32. h6 g5 33. Rc1
Kh7 34. Rff1 Kxh6 35. b3 Rf4 36. Rce1 Qf5 37. Re3 Qc2+ 38. Rf2 Qf5 39. Kg1
Kg6 40. Kh2 Kf6 41. Kg1 Ke7 42. Kh2 Kd8 43. Kg1 Kc8 44. Kh2 Kb7 45. Kg1 g4
46. Kh2 gxh3 47. Rxe5 Qxe5 48. Rd2 f2 {White resigns} 0-1

[Event "ICC tourney 2040 (30 10)"]
[Site "Internet Chess Club"]
[Date "2020.10.04"]
[Round "5"]
[White "davika21"]
[Black "Ryan123455"]
[Result "1-0"]
[ICCResult "Black checkmated"]
[WhiteElo "1909"]
[BlackElo "1638"]
[Opening "Sicilian: Alapin's variation (2.c3)"]
[ECO "B22"]
[NIC "SI.47"]
[Time "19:01:47"]
[TimeControl "1800+10"]

1. e4 c5 2. c3 Nf6 3. e5 Nd5 4. d4 cxd4 5. Nf3 Nc6 6. cxd4 d6 7. Bc4 Nb6 8.
Bb5 dxe5 9. Nxe5 Bd7 10. Bxc6 Bxc6 11. Nxc6 bxc6 12. O-O e6 13. Nc3 Bb4 14.
Re1 Bxc3 15. bxc3 O-O 16. Qe2 Qd5 17. Be3 Qc4 18. Qxc4 Nxc4 19. Rab1 Rab8
20. Bf4 Rb6 21. Bc7 Rxb1 22. Rxb1 a5 23. f3 f6 24. Kf2 Rf7 25. Rb8+ Rf8 26.
Rb1 Rf7 27. Bb8 Rd7 28. Ke2 Kf7 29. Kd3 Na3 30. Rb3 Nb5 31. a4 Nd6 32. Bxd6
Rxd6 33. Rb7+ Kg6 34. Ra7 Rd5 35. Ra6 c5 36. Rxe6 cxd4 37. cxd4 Rd7 38. Ra6
Rd5 39. Rb6 Kf7 40. Rb5 Rxb5 41. axb5 Ke6 42. b6 Kd6 43. d5 f5 44. Kc4 f4
45. Kb5 a4 46. Kxa4 Kxd5 47. b7 g5 48. b8=Q h5 49. Qg8+ Kd4 50. Qxg5 Ke3 51.
Qxh5 Kf2 52. Qg4 Kg1 53. h4 Kf2 54. h5 Kg1 55. h6 Kf2 56. h7 Kf1 57. h8=Q
Kf2 58. Qb2+ Kg1 59. Qc1+ Kf2 60. Qd2+ Kf1 61. Qd1+ Kf2 62. Qh4+ Kxg2 63.
Qdh1# {Black checkmated} 1-0

[Event "ICC tourney 2040 (30 10)"]
[Site "Internet Chess Club"]
[Date "2020.10.04"]
[Round "5"]
[White "largecrab"]
[Black "jy2020"]
[Result "0-1"]
[ICCResult "White resigns"]
[WhiteElo "2124"]
[BlackElo "2234"]
[Opening "Sicilian: Najdorf, Lipnitzky attack"]
[ECO "B86"]
[NIC "SI.13"]
[Time "19:01:22"]
[TimeControl "1800+10"]

1. e4 c5 2. Nf3 d6 3. d4 cxd4 4. Nxd4 Nf6 5. Nc3 a6 6. Bc4 e6 7. Bb3 Nbd7 8.
O-O Nc5 9. Bg5 Be7 10. Qe1 O-O 11. f4 Nxb3 12. Nxb3 h6 13. Bh4 Bd7 14. Rd1
Bc6 15. e5 Nd5 16. Bxe7 Qxe7 17. Nxd5 Bxd5 18. Qb4 a5 19. Qxd6 Qxd6 20. exd6
Rfd8 21. Rd4 b5 22. a4 b4 23. Nd2 Rac8 24. Rc1 Rxd6 25. c4 bxc3 26. Rxc3 Rb8
27. Nc4 Ra6 28. b3 Rb4 29. Kf2 Ra8 30. g3 Rab8 31. Rxd5 exd5 32. Nxa5 Kf8
33. Ke2 Re8+ 34. Re3 Rc8 35. Kd2 Rc5 36. Nc4 dxc4 37. bxc4 Rxa4 38. Kd3
Raxc4 39. Re1 Rc3+ 40. Kd4 R5c4+ 41. Kd5 Rc8 42. Rb1 g6 43. Ke5 R3c5+ 44.
Kd6 Rc2 45. Ke5 Rxh2 46. Rb6 Rhc2 47. Rb7 Re8+ 48. Kd6 Rd2+ 49. Kc6 Re3
{White resigns}
0-1

[Event "ICC tourney 2040 (30 10)"]
[Site "Internet Chess Club"]
[Date "2020.10.04"]
[Round "5"]
[White "Joshua1"]
[Black "che2468"]
[Result "1-0"]
[ICCResult "Black checkmated"]
[WhiteElo "1847"]
[BlackElo "1386"]
[Opening "QGD Slav defense"]
[ECO "D10"]
[NIC "SL.01"]
[Time "19:01:29"]
[TimeControl "1800+10"]

1. d4 d5 2. c4 c6 3. Nc3 Nf6 4. e3 Bf5 5. cxd5 cxd5 6. Qb3 Qd7 7. Nf3 a6 8.
Ne5 Qd6 9. Qxb7 e6 10. Qxa8 Be7 11. Qb7 O-O 12. Bd3 Bxd3 13. Nxd3 Nc6 14.
Qb3 a5 15. Bd2 Rb8 16. Qc2 Rc8 17. a3 Ne4 18. Nxe4 dxe4 19. Nc5 e5 20. Nxe4
Qg6 21. g3 Qf5 22. Rc1 h5 23. Nc3 Qd7 24. d5 Na7 25. e4 Nb5 26. Qa4 Rb8 27.
Nxb5 Rxb5 28. Bxa5 Qb7 29. Rc7 Qb8 30. Rxe7 Kh7 31. b4 Rb7 32. Rxb7 Qxb7 33.
Qc6 Qa7 34. Qb6 Qe7 35. d6 Qg5 36. O-O h4 37. d7 h3 38. d8=Q f6 39. Qbb8 Qg4
40. Qh8+ Kg6 41. Qbe8+ Kg5 42. Qxg7# {Black checkmated} 1-0

[Event "ICC tourney 2040 (30 10)"]
[Site "Internet Chess Club"]
[Date "2020.10.04"]
[Round "5"]
[White "che8642"]
[Black "aquilesboy"]
[Result "0-1"]
[ICCResult "White resigns"]
[WhiteElo "1521"]
[BlackElo "1910"]
[Opening "Queen's pawn game"]
[ECO "D00"]
[NIC "QP.07"]
[Time "19:01:28"]
[TimeControl "1800+10"]

1. d4 Nf6 2. Nc3 d5 3. Bf4 e6 4. a3 Bd6 5. Bg3 b6 6. e3 Bb7 7. Nb5 Ne4 8.
Nxd6+ cxd6 9. Bd3 Nxg3 10. hxg3 h6 11. Nf3 Nd7 12. g4 g5 13. Rh5 Nf6 14. Rh3
Nxg4 15. Bb5+ Kf8 16. Qe2 f5 17. O-O-O Kg7 18. Rdh1 Qe7 19. Nh2 Nf6 20. Bd3
Raf8 21. f3 Bc8 22. g4 fxg4 23. fxg4 e5 24. dxe5 dxe5 25. e4 dxe4 26. Bxe4
Nxe4 27. Qxe4 Bb7 28. Qe1 Bxh1 29. Qxh1 Rf6 30. Nf3 Rc6 31. Qh2 Rhc8 32. c3
Re6 33. Rh5 Rg6 34. Nxe5 Re6 35. Nf3 Re8 36. Qh1 Re2 37. Qd1 Qe3+ 38. Kb1
Qxf3 39. Qd4+ Kh7 40. Qd7+ R8e7 41. Qd6 Re1+ 42. Ka2 Qf7+ 43. b3 Qf2+
{White resigns}
0-1

[Event "ICC tourney 2040 (30 10)"]
[Site "Internet Chess Club"]
[Date "2020.10.04"]
[Round "5"]
[White "tcao"]
[Black "CoolBoy2020"]
[Result "1-0"]
[ICCResult "Black resigns"]
[WhiteElo "2066"]
[BlackElo "2122"]
[Opening "Sicilian: Kan, 5.Nc3"]
[ECO "B43"]
[NIC "SI.41"]
[Time "19:01:36"]
[TimeControl "1800+10"]

1. e4 c5 2. Nf3 e6 3. d4 cxd4 4. Nxd4 a6 5. Nc3 Qc7 6. Be2 Nf6 7. O-O Be7 8.
f4 d6 9. Be3 b6 10. Bf3 Nfd7 11. e5 d5 12. Nf5 Bc5 13. Nxg7+ Kf8 14. Nf5
exf5 15. Nxd5 Bxe3+ 16. Kh1 Qd8 17. Nxe3 Ra7 18. Qd6+ Qe7 19. Qh6+ Ke8 20.
Nxf5 Qf8 21. Qh4 f6 22. Bh5+ Kd8 23. e6 Qc5 24. e7+ Kc7 25. Qg4 Nc6 26. e8=Q
Rxe8 27. Bxe8 Kb8 28. c3 Nf8 29. Bxc6 Bxf5 30. Qg8 Be6 31. Qh8 Qe7 32. Rae1
Qf7 33. Rxe6 Qxe6 34. Qxf8+ Kc7 35. Qg7+ Kb8 36. Qf8+ Kc7 37. Bf3 Qd6 38.
Qxd6+ Kxd6 39. Rd1+ Ke6 40. g4 h5 41. Re1+ Kd6 42. gxh5 Rh7 43. Kg2 Rg7+ 44.
Kh3 Rh7 45. Kg4 b5 46. Kf5 Kc5 47. Kg6 Rh8 48. Kg7 Rd8 49. h6 Rd7+ 50. Kg6
Rd6 51. h7 f5+ 52. Kf7 Rh6 53. Kg7 Rxh2 54. h8=Q Rxh8 55. Kxh8 Kc4 56. Bd5+
Kd3 57. Re5 Kc2 58. Rxf5 Kxb2 59. Rf6 Kxc3 60. Rxa6 Kd4 61. f5 Kxd5 62. f6
b4 63. f7 b3 64. axb3 Kd4 65. f8=Q {Black resigns} 1-0

[Event "ICC tourney 2040 (30 10)"]
[Site "Internet Chess Club"]
[Date "2020.10.04"]
[Round "5"]
[White "SuperPuzzler"]
[Black "Mrpeetapizza"]
[Result "1/2-1/2"]
[ICCResult "Game drawn because neither player has mating material"]
[WhiteElo "1965"]
[BlackElo "1866"]
[Opening "Sicilian: Boleslavsky variation, 7.Nb3"]
[ECO "B59"]
[NIC "SI.25"]
[Time "19:01:41"]
[TimeControl "1800+10"]

1. e4 c5 2. Nf3 d6 3. d4 cxd4 4. Nxd4 Nf6 5. Nc3 Nc6 6. Be2 e5 7. Nb3 Be6 8.
O-O Be7 9. Kh1 O-O 10. f4 exf4 11. Bxf4 d5 12. exd5 Nxd5 13. Nxd5 Qxd5 14.
Qc1 Qd7 15. Rd1 Qc8 16. Bf3 Rd8 17. Qe3 Nb4 18. Rxd8+ Bxd8 19. Qd2 Nc6 20.
c3 Bb6 21. Rd1 Bg4 22. Qe2 Bxf3 23. Qxf3 Qe6 24. h3 Rd8 25. Rxd8+ Nxd8 26.
Bg3 Nc6 27. Qd3 Qe3 28. Qxe3 Bxe3 29. Bd6 f5 30. g3 Kf7 31. Kg2 b6 32. Kf3
Bg5 33. a4 Ke6 34. Bf4 Ne5+ 35. Ke2 Bxf4 36. gxf4 Nc4 37. Nd4+ Kd5 38. Kd3
Nxb2+ 39. Kc2 Nxa4 40. Nxf5 Ke4 41. Nxg7 Kxf4 42. Kd3 Nc5+ 43. Ke2 Kg3 44.
Nf5+ Kxh3 45. Kf3 a5 46. Nd4 Na4 47. Ne2 b5 48. Kf2 Kg4 49. Kg2 h5 50. Kf2
h4 51. Kg2 h3+ 52. Kh2 Kf5 53. Nd4+ Ke4 54. Nxb5 Kd3 55. c4 Kxc4 56. Nd6+
Kb4 57. Nb7 Nc5 58. Nxa5 Kxa5 59. Kxh3
{Game drawn because neither player has mating material}
1/2-1/2

[Event "ICC tourney 2040 (30 10)"]
[Site "Internet Chess Club"]
[Date "2020.10.04"]
[Round "5"]
[White "Chessking2008"]
[Black "Xuanli28"]
[Result "0-1"]
[ICCResult "White resigns"]
[WhiteElo "2164"]
[BlackElo "2266"]
[Opening "King's Indian: orthodox, 7...Nbd7"]
[ECO "E94"]
[NIC "KI.14"]
[Time "19:01:32"]
[TimeControl "1800+10"]

1. d4 Nf6 2. c4 g6 3. Nc3 Bg7 4. e4 d6 5. Nf3 O-O 6. Be2 Nbd7 7. O-O e5 8.
Qc2 Qe7 9. Rd1 c6 10. d5 c5 11. a3 Nh5 12. b4 b6 13. Ne1 Nf4 14. Bf1 a6 15.
g3 Nh5 16. Be2 Nhf6 17. Nd3 Ne8 18. Bg4 f5 19. Bh3 Ndf6 20. Ne1 Ng4 21. f3
Nh6 22. bxc5 dxc5 23. Rb1 Rb8 24. Be3 Rb7 25. Na4 Qc7 26. Rb3 Bd7 27. Rb2
Nd6 28. exf5 Nhxf5 29. Bxf5 Nxf5 30. Bf2 e4 31. fxe4 Nd4 32. Bxd4 Bxd4+ 33.
Rxd4 cxd4 34. Nd3 Bh3 35. Rb1 Rf3 36. Re1 Rxg3+ 37. hxg3 Qxg3+ 38. Kh1 Rf7
39. Rg1 Qh4 40. Re1 Bf5+ 41. Kg1 Bxe4 42. Rxe4 Qxe4 43. Nab2 Rf3 44. Qg2
Qe3+ 45. Kh2 Rf5 46. Qh3 Rh5 47. Qxh5 gxh5 48. d6 h4 49. d7 Qg3+ 50. Kh1
Qh3+ 51. Kg1 Qxd7 52. Nf2 Qg7+ 53. Kf1 Qg3 54. Nbd3 h3 55. Ke2 h2 56. c5
Qe3+ 57. Kd1 h1=Q+ 58. Nxh1 Qxd3+ 59. Ke1 bxc5 {White resigns} 0-1

[Event "ICC tourney 2040 (30 10)"]
[Site "Internet Chess Club"]
[Date "2020.10.04"]
[Round "5"]
[White "BreatheChessAls"]
[Black "Almanac2050"]
[Result "1-0"]
[ICCResult "Black resigns"]
[WhiteElo "1930"]
[BlackElo "1751"]
[Opening "Queen's pawn, Mason variation"]
[ECO "D00"]
[NIC "QP.08"]
[Time "19:01:28"]
[TimeControl "1800+10"]

1. d4 d5 2. Bf4 Nf6 3. e3 e6 4. Nd2 c5 5. c3 Nc6 6. Ngf3 Be7 7. h3 Bd7 8.
Bd3 Rc8 9. O-O O-O 10. Ne5 a6 11. Nxd7 Qxd7 12. Nf3 cxd4 13. exd4 Bd6 14.
Ne5 Qc7 15. Re1 b5 16. a4 b4 17. Bxa6 Rb8 18. Nxc6 Qxc6 19. Bb5 Qc7 20. Bxd6
Qxd6 21. Qd3 Rfc8 22. Rec1 bxc3 23. Rxc3 Ne4 24. Rxc8+ Rxc8 25. f3 Nf6 26.
Qd2 Qb6 27. Kh1 Nh5 28. Rc1 Rf8 29. Rc6 Qa7 30. Qc3 Ng3+ 31. Kg1 Nf5 32. Qc5
Qb8 33. Bd3 Nh4 34. Qc2 g6 35. Qf2 Nf5 36. Bxf5 exf5 37. Qc2 Qb4 38. Qc3
Qxa4 39. Rc8 Rxc8 40. Qxc8+ Kg7 41. Qc5 Qb3 42. Qc3 Qd1+ 43. Kh2 Qe2 44. b4
Qc4 45. Qe3 Qxb4 46. Qe5+ Kf8 47. Qxd5 Qb8+ 48. Kg1 Qb1+ 49. Kf2 Qb2+ 50.
Kg3 Qb8+ 51. f4 h5 52. h4 Qb2 53. Qd6+ Kg8 54. d5 Qc3+ 55. Kh2 Kg7 56. Qe5+
Qxe5 57. fxe5 f6 58. d6 Kf7 59. d7 Ke7 60. e6 g5 61. g3 f4 62. g4 hxg4 63.
h5 g3+ 64. Kg2 g4 65. h6 Kxe6 66. d8=Q {Black resigns} 1-0

[Event "ICC tourney 2040 (30 10)"]
[Site "Internet Chess Club"]
[Date "2020.10.04"]
[Round "5"]
[White "WonderZ"]
[Black "Natey"]
[Result "1-0"]
[ICCResult "Black forfeits on time"]
[WhiteElo "2100"]
[BlackElo "1688"]
[Opening "Trompowsky attack (Ruth, Opocenský opening)"]
[ECO "A45"]
[NIC "QP.07"]
[Time "19:01:25"]
[TimeControl "1800+10"]

1. d4 Nf6 2. Bg5 g6 3. Bxf6 exf6 4. e3 Bg7 5. g3 O-O 6. Bg2 d5 7. Ne2 c6 8.
Nd2 Nd7 9. O-O Nb6 10. b3 Bf5 11. c4 Be6 12. Nf4 dxc4 13. Nxe6 fxe6 14. bxc4
f5 15. Rb1 Rb8 16. Qb3 Kh8 17. Rfd1 Qc7 18. Nf3 c5 19. Rbc1 Rbd8 20. a4 h6
21. a5 Nd7 22. Nh4 Kh7 23. Qxb7 Qxa5 24. Ra1 Qc3 25. Rdc1 Qd3 26. Bf1 Qe4
27. Qxe4 fxe4 28. Rxa7 cxd4 29. c5 dxe3 30. fxe3 g5 31. c6 Ne5 32. c7 Rc8
33. Ba6 gxh4 34. Bxc8 Nf3+ 35. Kg2 Rxc8 36. Rd1 Be5 37. Rd8 Rxc7 38. Rxc7+
Bxc7 39. Rd7+ Kg6 40. Rxc7 hxg3 41. Kxg3 Kg5 42. Rc5+ Kf6 43. h3 Ne5 44. Rb5
Nf3 45. Kf4 Ng5 46. h4 Nf7 47. Ra5 Nd6 48. Ra6 Nf5 49. h5 Ng7 50. Ra5 Nf5
51. Kxe4 Kg5 52. Kf3 Kf6 53. Kf4 Ne7 54. e4 Nc6 55. e5+ Ke7 56. Ra6 Kd7 57.
Ke4 Ne7 58. Rd6+ {Black forfeits on time} 1-0

[Event "ICC tourney 2040 (30 10)"]
[Site "Internet Chess Club"]
[Date "2020.10.04"]
[Round "5"]
[White "chessbn"]
[Black "icyblizzard"]
[Result "1/2-1/2"]
[ICCResult "Game drawn by repetition"]
[WhiteElo "1943"]
[BlackElo "2049"]
[Opening "Queen's pawn: London system"]
[ECO "A45"]
[NIC "QP.07"]
[Time "19:01:29"]
[TimeControl "1800+10"]

1. d4 Nf6 2. Bf4 d6 3. Nf3 Nbd7 4. e3 e6 5. h3 Be7 6. Nbd2 b6 7. Be2 Bb7 8.
O-O O-O 9. c3 Re8 10. a4 a5 11. Qc2 Bf8 12. Bg3 e5 13. dxe5 Nxe5 14. Nxe5
dxe5 15. Rad1 Qe7 16. Bf3 e4 17. Be2 Red8 18. Nb3 c5 19. Nd2 Qe6 20. Bc4
Rxd2 21. Rxd2 Qxc4 22. Rfd1 Qe6 23. Rd8 Rxd8 24. Rxd8 Ba6 25. Qd1 Bd3 26. h4
Nd7 27. h5 h6 28. f3 Qe7 29. Ra8 c4 30. f4 f5 31. Qe1 Nf6 32. Bh4 Qb7 33.
Rd8 Nxh5 34. b3 cxb3 35. Qd1 b2 36. Qb3+ Qf7 37. Qxb2 Qe6 38. Qa3 Qf7 39.
Be7 Qc4 40. Bxf8 Kh7 41. Qe7 Qxc3 42. Qh4 Qc1+ 43. Kh2 Nf6 44. Rd7 Nxd7 45.
Qe7 Qb2 46. Qxd7 Bf1 47. Qxf5+ Kg8 48. Qxe4 Kxf8 49. Qa8+ Kf7 50. Qb7+ Kg8
51. Qa8+ Kf7 52. Qd5+ Kf6 53. Qc6+ Kf7 54. Qb7+ Kg6 55. Qe4+ Kf6 56. Qc6+
Ke7 57. Qc7+ Ke8 58. Qc8+ Kf7 59. Qb7+ Ke6 60. Qc6+ Kf5 61. Qd5+ Kg6 62.
Qe4+ Kf6 63. Qc6+ Kf7 64. Qb7+ Kg8 65. Qd5+ Kh7 66. Qe4+ Kh8 67. Qe8+ Kh7
68. Qe4+ g6 69. Qb7+ Kg8 70. Qa8+ Kf7 71. Qb7+ Kf6 72. Qc6+ Kf7 73. Qb7+ Ke8
74. Qc6+ Kf7 75. Qb7+ {Game drawn by repetition} 1/2-1/2

[Event "ICC tourney 2040 (30 10)"]
[Site "Internet Chess Club"]
[Date "2020.10.04"]
[Round "5"]
[White "speedyplot"]
[Black "goodFriday"]
[Result "1-0"]
[ICCResult "Black resigns"]
[WhiteElo "1822"]
[BlackElo "2180"]
[Opening "Sicilian: Najdorf, Opocensky variation"]
[ECO "B92"]
[NIC "SI.10"]
[Time "19:01:26"]
[TimeControl "1800+10"]

1. e4 c5 2. Nf3 d6 3. d4 cxd4 4. Nxd4 Nf6 5. Nc3 a6 6. Be2 e5 7. Nf3 Be7 8.
Be3 O-O 9. O-O h6 10. h3 Be6 11. Qd2 Nc6 12. Rad1 Rc8 13. Rfe1 b5 14. a3 Qc7
15. Nh2 Rfd8 16. Nd5 Bxd5 17. exd5 Na5 18. b3 Ne4 19. Qb4 Nc3 20. Rd3 Nxe2+
21. Rxe2 f5 22. a4 f4 23. Bc1 bxa4 24. Qxa4 Nb7 25. Ba3 Qb6 26. Ng4 Bg5 27.
Qe4 Qc7 28. c4 a5 29. Rc2 Qe7 30. Nh2 Nc5 31. Bxc5 Rxc5 32. Nf3 Bf6 33. Nd2
Qd7 34. Ra2 Rf8 35. Qg6 Qd8 36. Ne4 Rc8 37. Qf5 Be7 38. Qe6+ Kh8 39. c5 dxc5
40. d6 Bf6 41. d7 Rc7 42. Nxf6 Rxf6 43. Qe8+ Rf8 44. Qxf8+ Qxf8 45. d8=Q Rc8
46. Qxf8+ Rxf8 47. Rxa5 {Black resigns} 1-0